 Dungeon Crawl Stone Soup version 0.31-a0-845-g9abc20d24f (webtiles) character file.

Game seed: 6716216876297153455

245 night the Firebug (level 6, -4/35 HPs)
             Began as a Tengu Fire Elementalist on Oct 2, 2023.
             Was a Believer of Fedhas.
             Shot with an arrow by a centaur (12 damage)
             ... on level 4 of the Dungeon.
             The game lasted 00:08:30 (3257 turns).

night the Firebug (Tengu Fire Elementalist)         Turns: 3257, Time: 00:08:31

Health: -4/35      AC:  3    Str:  8    XL:     6   Next: 10%
Magic:  2/11       EV: 12    Int: 18    God:    Fedhas [**....]
Gold:   74         SH:  0    Dex: 14    Spells: 0/10 levels left

rFire   . . .        r - +0 short sword
rCold   . . .        (no shield)
rNeg    . . .        a - +1 robe
rPois   .            (helmet restricted)
rElec   .            (no cloak)
rCorr   .            (no gloves)
SInv    .            (boots unavailable)
Will    .....        (no amulet)
Stlth   ++           (no ring)
HPRegen 0.25/turn    (no ring)
MPRegen 0.12/turn

%: acrobat
@: very slightly contaminated
A: beak, talons 3, acrobatic
a: Renounce Religion, Wall of Briars


You were on level 4 of the Dungeon.
You worshipped Fedhas.
Fedhas was pleased with you.
You visited 1 branch of the dungeon, and saw 4 of its levels.
You also visited: Ossuary.

You collected 74 gold pieces.

Inventory:

Hand Weapons
 r - a +0 short sword (weapon)
Missiles
 f - 31 stones
 h - a throwing net
 n - 3 atropa-tipped darts
Armour
 a - a +1 robe (worn)
Jewellery
 l - an amulet of regeneration
Scrolls
 b - a scroll of fog {unknown}
 j - 2 scrolls of revelation
 k - a scroll of amnesia
 o - a scroll of noise
 q - a scroll of brand weapon
 s - a scroll of immolation
Potions
 c - 5 potions of heal wounds {unknown}
 d - a potion of curing
 e - a potion of lignification
 g - a potion of berserk rage {unknown}
 i - 2 potions of might {unknown}
 m - 2 potions of mutation {unknown}
 p - 2 potions of degeneration {unknown}
 u - 2 potions of brilliance {unknown}
 w - a potion of enlightenment {unknown}


   Skills:
 + Level 2.0 Fighting
 - Level 2.1 Dodging
 - Level 2.0 Stealth
 + Level 2.8 Spellcasting
 * Level 4.3 Conjurations
 * Level 4.7 Fire Magic
 + Level 1.4 Invocations


You couldn't memorise any spells.
You knew the following spells:

 Your Spells              Type           Power      Damage    Failure   Level
a - Foxfire               Conj/Fire      72%        2x1d7     2%          1
b - Scorch                Fire           38%        2d6       3%          2
c - Volatile Blastmotes   Fire/Tloc      22%        2d11      19%         3
d - Flame Wave            Conj/Fire      18%        2d7       26%         4

Your spell library contained the following spells:

 Spells                   Type           Power      Damage    Failure   Level
 Shock                    Conj/Air       40%        1d5       7%          1
 Slow                     Hex            8%         N/A       17%         1
 Inner Flame              Hex/Fire       11%        N/A       19%         3
 Blink                    Tloc           4%         N/A       26%         2
 Confusing Touch          Hex            2%         N/A       45%         3
 Sigil of Binding         Hex            2%         N/A       45%         3
 Swiftness                Air            2%         N/A       45%         3
 Vampiric Draining        Necr           2%         2d6       45%         3
 Airstrike                Air            1%         2d(1-17)  86%         4
 Manifold Assault         Tloc           2%         N/A       86%         4


Dungeon Overview and Level Annotations

Branches:
Dungeon (4/15)            Ossuary (visited)
 Temple: D:4-7

Altars:
Fedhas

Shops:
D:2 [


Innate Abilities, Weirdness & Mutations

You have a beak for a mouth.
You have claws for feet.
You can magically evade attacks while moving or waiting.


Message History

Nothing appears to happen.
The orc wizard hits you with a +0 dagger.
The orc wizard closely misses you.
Casting: Flame Wave (extremely dangerous; 26% risk of failure)
Confirm with . or Enter, or press ? or * to list all spells.
You conjure some foxfire!
The orc wizard misses you. x2
A centaur comes into view.
Unknown command.
The foxfire hits the orc wizard.
The orc wizard is almost dead.
The foxfire hits the orc wizard.
The orc wizard is heavily wounded.
The centaur wields a +0 shortbow.
The centaur shoots an arrow.
The arrow completely misses you.
The orc wizard mumbles some strange words.
The orc wizard flickers and vanishes!
Deactivating autopickup; reactivate with Ctrl-A.
The orc wizard misses you.
You hear some strange, mumbled words.
You are confused.
The centaur shoots an arrow.
The arrow hits you!
* * * LOW HITPOINT WARNING * * *
The orc wizard misses you.
You hear some strange, mumbled words.
You are more confused.
You're too confused to move!
The orc wizard barely misses you. Something hits you.
* * * LOW HITPOINT WARNING * * *
The centaur shoots an arrow.
The arrow hits you.
* * * LOW HITPOINT WARNING * * *
The orc wizard completely misses you. Something barely misses you.
You feel better.
The centaur shoots an arrow.
The arrow hits you!
* * * LOW HITPOINT WARNING * * *
The orc wizard hits you with a +0 dagger.
* * * LOW HITPOINT WARNING * * *
Something hits you but does no damage.
The centaur shoots an arrow.
The arrow barely misses you.
You feel better.
The centaur shoots an arrow.
The arrow hits you!
You die...
Fedhas appreciates your contribution to the ecosystem.

.. .... .. ...# ....
#......
....#.##..##.#.....#
....#.#.#..#.#.#....#
....##.#....#.##....#
..#.##......##.#..
#.#.....)....#.#
..##......co{...##...
.#..........@.....#
....................#
#######.#.##.########
#.#.##.#
##########>#.##[#
###..........#.##.#
#...##..####.#.##.#
#.#.###.# #.#.##.#
#.......# #.#.#


You could see a centaur and an orc wizard.

Vanquished Creatures
  A wraith (Ossuary)
  A mummy (Ossuary)
  3 gnolls (D:3)
  A worm (D:2)
  2 orcs
  5 ball pythons
  2 endoplasms
  A giant cockroach (D:3)
  2 goblins
  2 hobgoblins (D:2)
  2 quokkas (D:2)
  5 bats
  4 frilled lizards
  5 gnoll skeletons (Ossuary)
  3 kobolds (D:3)
  4 kobold skeletons (Ossuary)
  15 orc skeletons (Ossuary)
  5 rats
63 creatures vanquished.

Vanquished Creatures (collateral kills)
  An orc skeleton (Ossuary)
1 creature vanquished.

Vanquished Creatures (others)
  149 foxfires
149 creatures vanquished.

Grand Total: 213 creatures vanquished

Notes
Turn   | Place    | Note
-------+----------+-------------------------------------------
     0 | D:1      | night the Tengu Fire Elementalist began the quest for the
                  | Orb.
     0 | D:1      | Reached XP level 1. HP: 10/10 MP: 4/4
   303 | D:1      | Reached XP level 2. HP: 15/15 MP: 4/6
   306 | D:1      | Learned a level 2 spell: Scorch
   325 | D:1      | Reached skill level 2 in Conjurations
   413 | D:1      | You fall into a shaft and drop 1 floor!
   468 | D:2      | Found Ufuhuh's Armour Shop.
  1242 | D:2      | Reached XP level 3. HP: 20/20 MP: 0/7
  1565 | D:3      | Found a faded altar of an unknown god.
  1576 | D:3      | Prayed at the altar of an unknown god.
  1576 | D:3      | Became a worshipper of Fedhas Madash
  1576 | D:3      | Reached * piety under Fedhas
  1815 | D:3      | Reached skill level 1 in Fighting
  2170 | D:3      | Reached XP level 4. HP: 16/25 MP: 1/8
  2435 | D:4      | Found a sand-covered staircase.
  2440 | Ossuary  | Entered an ossuary
  2440 | Ossuary  | Noticed a wraith
  2440 | Ossuary  | Noticed a wraith
  2440 | Ossuary  | Noticed a wraith
  2544 | Ossuary  | Reached ** piety under Fedhas
  2775 | Ossuary  | Noticed a wraith
  2800 | Ossuary  | Killed a wraith
  2801 | Ossuary  | Reached skill level 2 in Fighting
  2801 | Ossuary  | Reached skill level 1 in Invocations
  2801 | Ossuary  | Reached XP level 5. HP: 14/30 MP: 1/10
  2801 | Ossuary  | Reached XP level 6. HP: 16/35 MP: 1/11
  3231 | D:4      | Learned a level 3 spell: Volatile Blastmotes
  3236 | D:4      | Learned a level 4 spell: Flame Wave
  3255 | D:4      | HP: 2/35 [centaur/arrow (5)]
  3257 | D:4      | Shot with an arrow by a centaur

Illustrated notes

Levels and vault maps discovered:
D:1:      tarquinn_simple_flora_water_f, layout_basic
D:2:      layout_basic, serial_shops, shop, kennysheep_nondescript,
          nicolae_eternal_life
D:3:      layout_loops_ring, shapermc_ecumenical_altar_starsandcircs
D:4:      layout_loops_ring, enter_ossuary_2, minmay_misc_feat_secret_circle

Skill      XL: |  1  2  3  4 |
---------------+-------------+-----
Conjurations   | 2 3 4 |  4.3
Fighting       | 1 2 |  2.0
Fire Magic     | 4 |  4.7
Invocations    | 1 |  1.4
Dodging        | |  2.1
Stealth        | |  2.0
Spellcasting   | |  2.8

Action                     |  1- 3 |  4- 6 || total
---------------------------+-------+-------++-------
  Melee: Unarmed           |     1 |       ||     1
         Short sword       |       |    11 ||    11
   Cast: Foxfire           |    37 |    50 ||    87
         Scorch            |    14 |     9 ||    23
         Flame Wave        |       |     1 ||     1
 Invoke: Wall of Briars    |       |     1 ||     1
    Use: Scroll            |       |     8 ||     8
         Potion            |       |     5 ||     5
   Stab: Sleeping          |       |     1 ||     1
 Armour: Robe              |    11 |    21 ||    32
         Skin              |       |    11 ||    11
  Dodge: Dodged            |    11 |    24 ||    35

Table legend: (Time is in decaauts)
 A = Elapsed time spent in this place.
 B = Non-inter-level travel time spent in this place.
 C = Inter-level travel time spent in this place.
 D = Time resting spent in this place.
 E = Time spent auto-exploring this place.
 F = Levels seen in this place.
 G = Mean time per level.
                   A        B        C        D        E       F      G
               +--------+--------+--------+--------+--------+-----+--------+
         Total |   3270 |   3219 |     51 |    344 |   2263 |   5 |  654.0 |
       Dungeon |   2522 |   2471 |     51 |     54 |   2077 |   4 |  630.5 |
       Ossuary |    748 |    748 |      0 |    290 |    186 |   1 |  748.0 |
               +--------+--------+--------+--------+--------+-----+--------+

Top non-repeatable levels by time:
     D:2: 1092 daAuts
     D:3: 925 daAuts
 Ossuary: 748 daAuts
     D:1: 413 daAuts
     D:4: 91 daAuts
